 Dungeon Crawl Stone Soup version 0.27-a0-170-g607d9e9d85 (webtiles) character file.

Game seed: 11980813473791597229

445 kae the Ruffian (level 6, -3/51 HPs)
             Began as a Draconian Transmuter on Jan 28, 2021.
             Slain by a sky beast (6 damage)
             ... on level 4 of the Dungeon.
             The game lasted 00:03:04 (5912 turns).

kae the Ruffian (Draconian Transmuter)              Turns: 5912, Time: 00:03:04

Health: -3/51      AC:  6    Str: 14    XL:     6   Next: 72%
Magic:  10/10      EV: 13    Int: 13    God:
Gold:   247        SH:  0    Dex: 12    Spells: 3/11 levels left

rFire    . . .     SeeInvis .     - Unarmed
rCold    . . .     Faith    .   (no shield)
rNeg     . . .     Spirit   .   (armour unavailable)
rPois    .         Reflect  .   (helmet restricted)
rElec    .         Harm     .   (no cloak)
rCorr    .         Rampage  .   (no gloves)
Will     .....                  (no boots)
Stlth    +.........             (no amulet)
HPRegen  0.17/turn              (no ring)
MPRegen  0.12/turn              (no ring)

@: about to teleport
A: unfitting armour, cold-blooded, AC +6
a: no special abilities


You were on level 4 of the Dungeon.
You visited 1 branch of the dungeon, and saw 5 of its levels.

You collected 247 gold pieces.

Inventory:

Jewellery
 d - an uncursed ring of stealth {unknown}
 e - a +6 ring of intelligence {unknown}
Wands
 m - a wand of polymorph (2)
Scrolls
 h - a scroll of immolation {unknown}
 j - 3 scrolls of magic mapping {unknown}
 k - a scroll of fog
 l - a scroll of remove curse {unknown}
 o - a scroll of identify
Potions
 a - 2 potions of heal wounds
 b - a potion of ambrosia {unknown}
 c - a potion of magic {unknown}
 f - a potion of lignification {unknown}
 g - 2 potions of curing {unknown}
 i - a potion of might {unknown}
 p - a potion of haste {unknown}
 q - a potion of invisibility {unknown}
 r - a potion of degeneration {unknown}


   Skills:
 + Level 3.0 Fighting
 + Level 2.8 Dodging
 * Level 4.5 Unarmed Combat
 + Level 3.0 Spellcasting
 + Level 3.2 Transmutations
 * Level 0.0 Ice Magic
 * Level 2.8 Poison Magic


You had 3 spell levels left.
You knew the following spells:

 Your Spells              Type           Power        Failure   Level
a - Beastly Appendage     Tmut           20%          6%          1
b - Spider Form           Tmut/Pois      4%           21%         3
c - Ice Form              Ice/Tmut       6%           75%         4

Your spell library contained the following spells:

 Spells                   Type           Power        Failure   Level
 Wereblood                Tmut           10%          10%         2
 Blade Hands              Tmut           5%           86%         5


Dungeon Overview and Level Annotations

Branches:
Dungeon (5/15)
 Temple: D:4-7

Altars:
Trog
Xom
Zin


Innate Abilities, Weirdness & Mutations

Your plain brown scales are hard. (AC +6)
You cannot fit into any form of body armour.
You are cold-blooded and may be slowed by cold attacks.


Message History

The orc moves out of view.
An orc comes into view. It is wielding a +0 club.
The orc shouts!
You hear a shout!
The orc moves out of view.
An orc comes into view. It is wielding a +0 hand axe.
The orc shouts!
As you read the scroll of teleportation, it crumbles to dust.
You feel strangely unstable. The sky beast misses you.
The orc hits you but does no damage. The orc closely misses you.
The sky beast flickers out of sight!
Deactivating autopickup; reactivate with Ctrl-A.
The orc closely misses you. The orc hits you but does no damage.
You hit the orc.
You kill the orc!
The orc hits you with a +0 club.
* * * LOW HITPOINT WARNING * * *
Something hits you.
* * * LOW HITPOINT WARNING * * *
Something shocks you.
You die...

# #...## #..## #.##
##....#####...####.#
#...#...##....##...##
#...###..........##.###
##..##
##.......#####..##
#...# ##.....## ###.##
##..## ##....o## ##.##
#...# ##..##.o)# ##.#
#...# ##..####o@## ###
....# ##...# ##.o#
...####...## #..##
...###...## ##..#
#.......## #..## ###
#.......<## ##..# #.#
...###....## #..####.#
..##
###...#######......##
..#
#.....≈...##.......#


You could see 4 orcs.

Vanquished Creatures
  An ogre (D:4)
  A howler monkey (D:4)
  2 hounds (D:4)
  An orc priest (D:3)
  Ijyb (D:3)
  An iguana (D:4)
  2 adders
  3 gnolls (D:3)
  A shadow imp (D:5)
  3 oozes
  An adder skeleton (D:4)
  2 worms (D:2)
  3 dart slugs
  2 leopard geckos
  11 orcs
  A ball python (D:3)
  6 giant cockroaches
  6 goblins
  8 hobgoblins
  7 jackals
  6 kobolds
  2 quokkas (D:4)
  10 bats
  5 frilled lizards
  7 rats
93 creatures vanquished.

Notes
Turn   | Place    | Note
-------+----------+-------------------------------------------
     0 | D:1      | kae the Draconian Transmuter began the quest for the Orb.
     0 | D:1      | Reached XP level 1. HP: 16/16 MP: 3/3
   150 | D:1      | Reached XP level 2. HP: 23/23 MP: 3/5
  1080 | D:2      | Reached XP level 3. HP: 29/29 MP: 4/6
  1084 | D:2      | Learned a level 3 spell: Spider Form
  1919 | D:2      | Found a shimmering altar of Xom.
  1969 | D:2      | Reached skill level 1 in Poison Magic
  2211 | D:2      | Reached XP level 4. HP: 35/36 MP: 5/7
  3364 | D:3      | Noticed Ijyb
  3373 | D:3      | Killed Ijyb
  3374 | D:3      | Reached XP level 5. HP: 41/41 MP: 8/8
  3648 | D:3      | Found a bloodstained altar of Trog.
  4008 | D:4      | Learned a level 4 spell: Ice Form
  4211 | D:4      | Reached skill level 4 in Unarmed Combat
  4370 | D:4      | Found a glowing silver altar of Zin.
  4973 | D:4      | Reached XP level 6. HP: 39/50 MP: 10/10
  5842 | D:5      | Entered Level 5 of the Dungeon
  5862 | D:5      | Noticed a sky beast
  5912 | D:4      | Slain by a sky beast

Illustrated notes

Levels and vault maps discovered:
D:1:      ncdulo_lavacross, layout_loops_cross
D:2:      layout_loops_ring, old_standard_altar, kennysheep_generic_room_9
D:3:      layout_loops_ring, bloody_trog, serial_co_window_serial,
          co_window_of_opportunity_a, co_window_corner_a, co_window_paths_a,
          co_window_paths_a, co_window_paths_a, co_window_of_opportunity_a,
          co_window_corner_a, co_window_2corner, co_window_corner_cb,
          co_window_of_opportunity_b, co_window_corner_b, co_window_broadway_c,
          co_window_paths_c, glass_columns_b, glass_columns_b, glass_columns_a,
          uniq_ijyb
D:4:      layout_layer_cave, lemuel_crystal_altar,
          amcnicky_mini_corridor_feature
D:5:      layout_cave_pods

Skill      XL: |  1  2  3  4  5  6 |
---------------+-------------------+-----
Dodging        | 2 |  2.8
Poison Magic   | 1 2 |  2.8
Fighting       | 2 3 |  3.0
Unarmed Combat | 4 |  4.5
Transmutations | 3 |  3.2
Spellcasting   | 3 |  3.0

Action                   |  1- 3 |  4- 6 || total
-------------------------+-------+-------++-------
Melee: Unarmed           |   115 |   178 ||   293
       Kick              |    18 |    25 ||    43
       Headbutt          |    10 |    14 ||    24
       Tailslap          |     5 |     8 ||    13
       Punch             |     1 |     3 ||     4
 Cast: Beastly Appendage |    26 |    23 ||    49
       Spider Form       |     1 |     6 ||     7
  Use: Scroll            |     3 |     2 ||     5
 Stab: Sleeping          |     2 |       ||     2
Armor: Skin              |    22 |    51 ||    73
Dodge: Dodged            |    84 |   151 ||   235

Table legend: (Time is in decaauts)
 A = Elapsed time spent in this place.
 B = Non-inter-level travel time spent in this place.
 C = Inter-level travel time spent in this place.
 D = Time resting spent in this place.
 E = Time spent auto-exploring this place.
 F = Levels seen in this place.
 G = Mean time per level.
                   A        B        C        D        E       F      G
               +--------+--------+--------+--------+--------+-----+--------+
         Total |   5894 |   5811 |     83 |    415 |   4662 |   5 | 1178.8 |
       Dungeon |   5894 |   5811 |     83 |    415 |   4662 |   5 | 1178.8 |
               +--------+--------+--------+--------+--------+-----+--------+

Top non-repeatable levels by time:
     D:4: 1680 daAuts
     D:3: 1593 daAuts
     D:1: 1406 daAuts
     D:2: 1162 daAuts
     D:5: 51 daAuts
